Map: Abyssal Reef LE

Players

Scarlett

  • Race: Zerg Zerg
  • Spawn Location: 11:00

Snute - Winner!

  • Race: Zerg Zerg
  • Spawn Location: 5:00

Event: WCS Valencia 2017

VOD

Have the link to the VOD?

Description

Time

  • Played on: July 14, 2017, 12:02 p.m.
  • Length: 12:46

All games in this series

Show
View Real Time Build Order
Export as new Build Order

Scarlett Zerg 

Build Orders: Hatch First 

Get SALT Encoding   

  12  0:01  Drone  
  13  0:12  Overlord  
  13  0:17  Drone  
  14  0:31  Drone x2  
  14  0:34  Drone  
  17  0:51  Hatchery  
  17  0:55  Drone  
  17  0:58  Drone  
  18  1:10  Extractor  
  17  1:12  Spawning Pool  
  17  1:16  Drone  
  17  1:20  Drone  
  18  1:28  Drone  
  19  1:39  Overlord  
  19  1:59  Queen  
  19  2:00  Zergling x2  
  22  2:01  Spine Crawler  
  22  2:04  Zergling x2  
  24  2:11  Zergling x2  
  24  2:12  Zergling x2  
  26  2:16  Metabolic Boost  
  26  2:20  Zergling x2  
  27  2:26  Zergling x2  
  26  2:37  Queen  
  26  2:41  Drone  
  26  2:42  Baneling Nest  
  26  2:43  Zergling x4  
  30  2:48  Overlord  
  30  3:07  Drone  
  30  3:08  Drone  
  32  3:12  Queen  
  34  3:28  Baneling  
  34  3:38  Hatchery  
  33  3:42  Drone x2  
  33  3:43  Drone  
  33  3:45  Drone x2  
  38  3:51  Overlord  
  37  4:08  Drone  
  37  4:09  Drone  
  37  4:14  Extractor  
  35  4:19  Drone x2  
  35  4:22  Drone x2  
  39  4:24  Baneling x2  
  39  4:37  Hatchery  
  38  4:38  Drone  
  38  4:46  Drone  
  38  4:54  Drone x5  
  43  5:01  Queen  
  45  5:13  Zergling x6  
  48  5:18  Drone  
  48  5:23  Evolution Chamber, Lair  
  48  5:24  Drone x2  
  48  5:27  Drone  
  50  5:31  Drone  
  50  5:33  Overlord  
  51  5:38  Roach Warren  
  50  5:46  Drone x2  
  50  5:47  Extractor  
  51  5:52  Drone x3  
  51  5:54  Drone  
  51  5:56  Drone x3  
  51  5:57  Extractor  
  57  6:00  Overlord  
  57  6:10  Drone x4  
  61  6:18  Drone  
  62  6:19  Zerg Missile Weapons Level 1  
  62  6:21  Glial Reconstitution, Overlord x2  
  62  6:24  Baneling  
  62  6:26  Overlord  
  62  6:29  Roach x2  
  62  6:32  Overlord  
  66  6:36  Overseer  
  66  6:41  Roach x3  
  66  6:43  Drone x2  
  74  6:48  Roach x2  
  74  6:53  Drone x4  
  82  6:57  Roach  
  82  6:59  Roach  
  86  7:06  Roach x4  
  94  7:10  Overlord  
  94  7:14  Overlord x2  
  94  7:16  Overlord  
  94  7:22  Overlord  
  94  7:30  Roach  
  94  7:31  Roach  
  98  7:38  Roach x8  
  113  7:44  Roach x4  
  113  7:50  Roach x3  
  124  7:57  Roach x2  
  128  8:03  Overlord x2  
  113  8:19  Roach x6  
  90  8:29  Roach  
  90  8:30  Roach  
  79  8:44  Roach x3  
  85  8:55  Roach x3  
  84  9:10  Drone x6  
  84  9:14  Roach  
  93  9:17  Roach  
  93  9:25  Zerg Missile Weapons Level 2  
  93  9:41  Drone x9  
  93  9:42  Roach  
  104  9:46  Roach x2  
  104  9:52  Overlord  
  108  9:57  Roach x3  
  114  10:03  Drone x2  
  114  10:06  Roach x2  
  120  10:17  Drone x3  
  120  10:19  Roach x4  
  131  10:23  Overlord  
  131  10:25  Roach x2  
  135  10:32  Roach x4  
  135  10:34  Ravager  
  145  10:35  Ravager  
  145  10:37  Ravager  
  145  10:38  Ravager x2  
  145  10:39  Ravager  
  145  10:41  Roach  
  145  10:42  Roach  
  151  10:55  Overlord x5  
  151  11:03  Ravager  
  152  11:05  Ravager  
  152  11:07  Overseer  
  152  11:10  Overlord  
  153  11:13  Overlord  
  153  11:15  Roach x6  
  165  11:24  Roach x4  
  125  11:41  Roach x6  
  85  11:54  Roach x4  
  81  12:05  Roach x6  
  79  12:09  Roach x3  
  89  12:16  Roach  
  89  12:17  Roach x2  
  89  12:19  Roach  
  93  12:29  Hatchery  
  92  12:33  Ravager  
  92  12:34  Ravager  
Show
View Real Time Build Order
Export as new Build Order

Snute Zerg - Winner!

Build Orders: Pool First 

Get SALT Encoding   

  12  0:00  Drone  
  13  0:15  Extractor  
  12  0:23  Spawning Pool  
  12  0:27  Drone  
  12  0:33  Drone  
  13  0:36  Drone  
  14  0:49  Overlord  
  14  1:10  Zergling x4  
  17  1:11  Zergling x2  
  17  1:14  Metabolic Boost  
  17  1:21  Zergling x2  
  18  1:32  Zergling x2  
  19  1:36  Baneling Nest  
  18  1:43  Zergling x2  
  19  1:49  Queen  
  21  1:54  Zergling x2  
  22  2:04  Overlord  
  22  2:14  Extractor  
  22  2:15  Zergling x2  
  22  2:20  Baneling x2  
  23  2:25  Drone  
  23  2:37  Drone  
  24  2:51  Hatchery  
  24  2:57  Drone  
  24  2:58  Drone  
  25  3:03  Drone  
  26  3:08  Drone x2  
  28  3:16  Drone  
  29  3:24  Overlord  
  29  3:43  Baneling  
  29  3:44  Baneling  
  29  3:46  Drone x3  
  32  3:51  Queen  
  32  3:54  Drone  
  34  4:03  Drone x2  
  34  4:06  Drone  
  34  4:07  Drone x2  
  36  4:13  Queen  
  36  4:15  Drone x2  
  40  4:23  Overlord  
  40  4:30  Drone  
  41  4:35  Drone x2  
  42  4:50  Drone x4  
  42  4:52  Hatchery  
  43  4:57  Zergling x2  
  43  4:59  Overlord  
  44  5:00  Overlord  
  44  5:02  Zergling x4  
  46  5:13  Spore Crawler  
  45  5:22  Zergling x6  
  45  5:25  Extractor, Lair, Hatchery  
  45  5:27  Evolution Chamber, Drone  
  45  5:28  Roach Warren, Drone x2  
  47  5:30  Drone  
  47  5:31  Drone  
  47  5:33  Drone  
  47  5:34  Drone  
  47  5:35  Drone  
  51  5:37  Drone  
  52  5:44  Drone  
  52  5:48  Drone  
  52  5:49  Baneling  
  54  5:53  Zerg Missile Weapons Level 1  
  54  5:55  Extractor  
  53  5:58  Drone  
  53  5:59  Drone x3  
  53  6:02  Overlord  
  57  6:09  Overlord  
  57  6:16  Overlord x2  
  57  6:22  Glial Reconstitution  
  57  6:26  Overlord  
  57  6:27  Roach x5  
  67  6:37  Roach x4  
  75  6:44  Roach  
  77  6:48  Roach  
  77  6:49  Roach  
  77  6:51  Roach x2  
  77  6:53  Overlord  
  85  7:01  Overlord  
  85  7:02  Roach x2  
  85  7:07  Overlord  
  85  7:08  Roach x2, Overlord  
  91  7:09  Roach  
  91  7:13  Roach  
  91  7:14  Roach  
  99  7:16  Roach  
  99  7:20  Roach x2  
  105  7:26  Roach x2  
  109  7:31  Drone x3  
  112  7:40  Drone x6  
  115  7:51  Drone x4  
  115  7:54  Extractor  
  115  7:57  Roach x2  
  122  8:00  Roach  
  122  8:01  Roach  
  122  8:03  Roach  
  124  8:05  Overlord x2  
  124  8:11  Roach x4  
  119  8:14  Roach x4  
  119  8:19  Roach x2  
  116  8:26  Roach x3  
  98  8:40  Roach x4  
  103  8:42  Roach  
  103  8:50  Roach  
  103  8:54  Hatchery  
  102  8:56  Roach  
  102  9:01  Extractor  
  103  9:07  Roach x2  
  107  9:11  Overlord  
  107  9:12  Queen x2  
  107  9:15  Roach  
  114  9:17  Ravager x2  
  114  9:19  Roach  
  117  9:29  Roach  
  119  9:39  Roach  
  119  9:40  Roach  
  119  9:41  Zerg Missile Weapons Level 2  
  123  9:53  Roach  
  123  9:54  Roach x2  
  129  10:00  Roach  
  129  10:02  Ravager  
  129  10:04  Roach  
  129  10:06  Roach  
  136  10:10  Hatchery, Roach  
  141  10:14  Roach  
  141  10:17  Unknown  
  141  10:19  Roach  
  141  10:20  Roach x3  
  149  10:23  Overlord  
  149  10:28  Queen, Roach  
  151  10:29  Roach, Overlord  
  151  10:30  Ravager  
  154  10:38  Overlord  
  154  10:46  Roach  
  154  10:47  Roach x2  
  156  10:52  Roach  
  156  10:53  Roach x3  
  156  10:54  Overlord  
  164  10:59  Roach  
  164  11:00  Roach x3  
  164  11:03  Ravager  
  173  11:04  Roach  
  173  11:05  Overlord  
  173  11:11  Overlord  
  175  11:14  Roach  
  179  11:18  Roach  
  179  11:26  Roach x6  
  144  11:41  Roach x2  
  144  11:42  Roach x8  
  142  11:48  Roach x2  
  142  11:52  Roach  
  131  12:00  Roach x4  
  129  12:03  Roach  
  129  12:06  Roach  
  125  12:09  Roach  
  125  12:12  Roach  
  125  12:14  Unknown  
  125  12:15  Unknown  
  127  12:17  Roach  
  127  12:18  Roach  
  127  12:20  Roach  
  127  12:21  Roach  
  135  12:23  Ravager x4  
  135  12:25  Roach  
Tags
 
Add a new tag
Caveats
  • Supply blocks, unpowered buildings, or Contaminate may cause inaccurate times.
  • Supply counts are checked every 10 seconds.